 Dungeon Crawl Stone Soup version 0.24-a0-471-g3302cd4 (webtiles) character file.

Game seed: 1417194417647889595

111580 ssg the Fencer (level 16, -10/135 HPs)
             Began as a Demonspawn Gladiator on July 4, 2019.
             Was the Champion of Cheibriados.
             Mangled by an acid blob (18 damage)
             ... on level 1 of the Pits of Slime.
             The game lasted 00:43:27 (21759 turns).

ssg the Fencer (Demonspawn Gladiator)              Turns: 21759, Time: 00:43:28

Health: -10/135    AC: 33    Str: 45    XL:     16   Next: 9%
Magic:  0/36       EV: 10    Int: 31    God:    Cheibriados [******]
Gold:   155        SH:  8    Dex: 33    Spells: 15/15 levels left

rFire    + + +     SeeInvis .   v - +0 double sword (elec)
rCold    + + +     Gourm    .   H - +0 buckler
rNeg     . . .     Faith    .   J - +9 gold dragon scales "Jyofieme" {rPois rF+ rC+ Str+2 Int+2 Slay+5}
rPois    +         Spirit   +   (helmet restricted)
rElec    .         Reflect  .   j - +1 cloak
rCorr    +         Harm     .   (no gloves)
MR       +++..                  (no boots)
Stlth    ..........             z - amulet of regeneration
HPRegen  0.72/turn              o - ring "Ibbuleko" {rF+ MP+9 Str+8 Int+4 Dex-2}
MPRegen  0.50/turn              V - ring "Fiuv Tuihaubb" {rF++ rC+ MR+ rCorr Dex+4}

@: sanguine armour, studying Staves, very slow
A: horns 2, blurry vision 1, cold resistance 1, deformed body, foul stench 1,
magic resistance 1, robust 1, evolution 1, magic shield, magic regeneration,
magic link, rot immunity, sanguine armour 2
a: Bend Time, Temporal Distortion, Slouch, Step From Time, Renounce Religion


You were on level 1 of the Pits of Slime.
You worshipped Cheibriados.
Cheibriados was exalted by your worship.
You were not hungry.

You visited 5 branches of the dungeon, and saw 25 of its levels.
You also visited: Sewer and Ice Cave.

You collected 2253 gold pieces.
You spent 2098 gold pieces at shops.

Inventory:

Hand Weapons
 a - a +1 long sword
 v - a +0 double sword of electrocution (weapon)
 S - a +4 scimitar of flaming
Missiles
 b - 2 throwing nets
 x - 14 javelins (quivered)
Armour
 j - a +1 cloak (worn)
 H - a +0 buckler (worn)
 J - the +9 gold dragon scales "Jyofieme" (worn) {rPois rF+ rC+ Str+2 Int+2 Slay+5}
   (You found it on level 10 of the Dungeon)

   It affects your strength (+2).
   It affects your intelligence (+2).
   It affects your accuracy and damage with ranged weapons and melee attacks
   (+5).
   It protects you from fire.
   It protects you from cold.
   It protects you from poison.
Jewellery
 c - an uncursed ring of wizardry {unknown}
 e - a +2 ring of strength
 g - an uncursed ring of protection from cold
 l - an uncursed ring of protection from magic
 o - the ring "Ibbuleko" (left hand) {rF+ MP+9 Str+8 Int+4 Dex-2}
   (You bought it in a shop on level 13 of the Dungeon)

   [ring of protection from fire]

   It affects your strength (+8).
   It affects your intelligence (+4).
   It affects your dexterity (-2).
   It protects you from fire.
   It affects your magic capacity (+9).
 w - a +3 ring of intelligence
 y - an uncursed ring of fire
 z - an amulet of regeneration (around neck)
 G - an uncursed ring of positive energy
 T - an uncursed amulet of harm
 V - the ring "Fiuv Tuihaubb" (right hand) {rF++ rC+ MR+ rCorr Dex+4}
   (You bought it in a shop on level 7 of the Dungeon)

   [ring of resist corrosion]

   It affects your dexterity (+4).
   It greatly protects you from fire.
   It protects you from cold.
   It affects your resistance to hostile enchantments.
   It provides partial protection from all sources of acid and corrosion.
 X - an uncursed ring of attention
Wands
 m - a wand of iceblast (18)
 A - a wand of disintegration (5)
 M - a wand of clouds (5)
 N - a wand of polymorph (7)
 R - a wand of paralysis (6)
 U - a wand of scattershot (4)
 W - a wand of digging (14)
Scrolls
 h - 6 scrolls of remove curse
 k - 3 scrolls of blinking
 n - 13 scrolls of amnesia
 E - 8 scrolls of identify
 I - 4 scrolls of enchant armour
 P - 5 scrolls of teleportation
 Q - 2 scrolls of magic mapping
 Y - a scroll of fear
Potions
 i - a potion of might
 p - 4 potions of brilliance
 r - 6 potions of agility
 s - 4 potions of magic
 u - 10 potions of curing
 B - 2 potions of cancellation
 C - 7 potions of flight
 F - 4 potions of ambrosia
Books
 O - a manual of Staves
Miscellaneous
 d - 2 phantom mirrors
 K - a crystal ball of energy
 L - a phial of floods
Comestibles
 f - 41 rations


   Skills:
 + Level 10.5 Fighting
 + Level 15.4 Long Blades
 - Level 1.7 Throwing
 + Level 13.3 Armour
 - Level 2.6 Dodging
 - Level 6.0 Shields
 + Level 14.7 Invocations
 + Level 8.8 Evocations


You had 15 spell levels left.
You didn't know any spells.
Your spell library contained the following spells:

 Spells                   Type           Power        Failure   Level  Hunger
 Corona                   Hex            #......      54%         1    ##.....
 Magic Dart               Conj           #...         54%         1    ##.....
 Blink                    Tloc           N/A          69%         2    ###....
 Call Imp                 Summ           #.......     69%         2    ###....
 Poisonous Vapours        Pois/Air       #.....       69%         2    ###....
 Searing Ray              Conj           #.....       69%         2    ###....
 Slow                     Hex            #.......     69%         2    ###....
 Conjure Flame            Conj/Fire      #.......     89%         3    ####...
 Dazzling Spray           Conj/Hex       #.....       89%         3    ####...
 Inner Flame              Hex/Fire       #.......     89%         3    ####...
 Mephitic Cloud           Conj/Pois/Air  #.......     89%         3    ####...
 Portal Projectile        Hex/Tloc       #.....       89%         3    ####...
 Cause Fear               Hex            #.........   100%        4    #####..
 Force Lance              Conj/Tloc      #.......     100%        4    #####..
 Fulminant Prism          Conj/Hex       #.........   100%        4    #####..
 Iskenderun's Mystic Bla  Conj           #.......     100%        4    #####..
 Leda's Liquefaction      Hex/Erth       #.........   100%        4    #####..
 Freezing Cloud           Conj/Ice/Air   #.........   100%        6    #######
 Ring of Flames           Chrm/Fire      #.........   100%        7    #######


Dungeon Overview and Level Annotations

Branches:
Dungeon (15/15)            Temple (1/1) D:6            Lair (6/6) D:9
 Shoals (0/4) Lair:3        Snake (0/4) Lair:4        Slime (1/5) Lair:6
    Orc (2/2) D:9             Elf (0/3) Orc:2        Vaults (0/5) D:13
 Depths (0/5) D:15

Altars:
Cheibriados
Dithmenos
Elyvilon
Fedhas
Gozag
Hepliaklqana
Kikubaaqudgha
Makhleb
Nemelex Xobeh
Qazlal
Ru
Sif Muna
Trog
Uskayaw
Vehumet
Wu Jian
Xom
Yredelemnul
Zin
The Shining One

Shops:
D:4 !   D:6 (   D:7 =**   D:13 =   Orc:2 :*[(


Innate Abilities, Weirdness & Mutations

You have a pair of horns on your head.
You may emit foul miasma when damaged in melee.
When hurt, damage is shared between your health and your magic reserves.
You regenerate magic rapidly.
When low on magic, you restore magic in place of health.
You are immune to rotting.
When seriously injured, your bleeding wounds create thick armour. (AC +9)
Scrolls take you a little longer to read.
Your flesh is cold resistant. (rC+)
Armour fits poorly on your strangely shaped body.
You are resistant to hostile enchantments. (MR+)
You are robust. (+10% HP)
You evolve.


Message History

The enormous slime creature hits you but does no damage.
The enormous slime creature looks sick.
You feel much better.
An azure jelly comes into view.
The acid blob spits acid at you. The splash of acid misses you.
The enormous slime creature hits you!!!
* * * LOW HITPOINT WARNING * * *
Unknown command.
Really read with blurry vision while enemies are nearby? [Y]es or [N]o only, please.
Really read with blurry vision while enemies are nearby? [Y]es or [N]o only, please.
Really read with blurry vision while enemies are nearby? [Y]es or [N]o only, please.
Really read with blurry vision while enemies are nearby?
Okay, then.
Okay, then.
Really read with blurry vision while enemies are nearby?
The acid blob hits you!!
You die...

###################
.##.##..##........## ###
...................##..#.
..^......................
.........................
................@J.......
#.........^.....GJG...#.#
###..#............J....#
.....................#..
....##...................
#.####........##.........
.........#.....J>...
..... .......... ..
...........


You could see an acid blob, an azure jelly, an enormous slime creature, a slime
creature and 2 eyes of draining.

Vanquished Creatures
  2 azure jellies (Slime:1)
  A frost giant (IceCv)
  2 orc warlords
  A stone giant (Orc:2)
  Nessos (D:15)
  Josephine (D:10)
  A fire dragon (Lair:6)
  A yaktaur captain (D:15)
  A great orb of eyes (Slime:1)
  A catoblepas (D:14)
  5 centaur warriors
  6 hydras
  2 death knights
  A tengu warrior (D:15)
  2 two-headed ogres
  3 death yaks
  3 orc high priests (Orc:2)
  Urug (D:13)
  Nergalle (D:12)
  9 skeletal warriors
  A fire crab (shapeshifter) (D:13)
  2 unseen horrors
  A lindwurm (Lair:6)
  2 wolf spider zombies (D:15)
  5 orc knights
  6 ugly things
  4 deep elf magi
  6 orc sorcerers
  5 oklob plants
  4 cyclopes
  2 guardian serpents (D:14)
  2 centaur zombies
  An ice statue (IceCv)
  A torpor snail (Lair:3)
  3 molten gargoyles (Lair:6)
  6 black mambas
  2 gargoyles
  A rime drake (IceCv)
  14 spiny frogs
  A spiny frog (shapeshifter) (D:13)
  6 yaktaurs (D:15)
  2 kobold demonologists (D:14)
  10 komodo dragons
  An efreet (D:14)
  14 polar bears
  A queen bee (D:8)
  A tengu conjurer (D:15)
  3 meliai (D:15)
  5 trolls
  A hornet (D:6)
  22 slime creatures
  A hornet (shapeshifter) (D:13)
  7 dream sheep (Lair:6)
  4 hippogriffs
  A meliai zombie (D:13)
  20 blink frogs
  4 wyverns
  2 vampires (D:15)
  A shadow (D:15)
  A spriggan (D:8)
  47 yaks
  8 wraiths
  5 basilisks
  4 hungry ghosts
  4 vampire mosquitoes (D:15)
  Grum (D:10)
  3 steam dragons (Lair:6)
  2 wargs (D:9)
  2 swamp worms (Lair:1)
  A naga (Lair:4)
  Edmund (D:6)
  5 hell hounds (Lair:6)
  10 water moccasins
  5 porcupines
  44 orc warriors
  6 ice beasts
  11 ogres
  11 sky beasts
  A black bear (Lair:1)
  A hornet zombie (D:6)
  3 eyes of draining
  4 phantoms
  3 necrophages
  26 wolves
  25 centaurs
  11 crocodiles
  9 big kobolds
  A gnoll sergeant (D:10)
  17 bullfrogs
  A wyvern skeleton (D:10)
  7 scorpions
  3 wights (D:14)
  30 killer bees
  4 howler monkeys
  5 lava snakes (Lair:6)
  8 crimson imps
  A bullfrog zombie (D:6)
  2 quasits
  3 bullfrog skeletons
  7 hounds
  4 centaur skeletons
  34 orc priests
  4 jellies
  3 iguanas
  26 orc wizards
  11 worker ants
  A hound zombie (D:8)
  3 hound skeletons
  3 worker ant zombies
  4 gnolls (D:4)
  17 adders
  A river rat (D:5)
  3 shadow imps
  12 white imps (D:12)
  3 worms
  2 dart slugs
  4 leopard geckos
  109 orcs
  5 bats
  7 giant cockroaches
  9 hobgoblins
  16 jackals
  32 kobolds
  5 quokkas
  6 ball pythons
  8 frilled lizards
  12 goblins
  A quokka skeleton (D:7)
  A quokka zombie (D:7)
  11 rats
  2 plants (Lair:1)
922 creatures vanquished.

Vanquished Creatures (others)
  A polar bear (IceCv)
  A fungus (Lair:4)
  A plant (D:8)
3 creatures vanquished.

Grand Total: 925 creatures vanquished

Notes
Turn   | Place    | Note
-------+----------+-------------------------------------------
     0 | D:1      | ssg the Demonspawn Gladiator began the quest for the Orb.
     0 | D:1      | Reached XP level 1. HP: 16/16 MP: 1/1
   162 | D:1      | Gained mutation: You have a pair of small horns on your
                  | head. [demonic ancestry]
   162 | D:1      | Reached XP level 2. HP: 20/23 MP: 2/2
   429 | D:1      | Reached skill level 3 in Long Blades
   514 | D:1      | Gained mutation: When hurt, damage is shared between your
                  | health and your magic reserves. [demonic ancestry]
   514 | D:1      | Reached XP level 3. HP: 9/29 MP: 3/3
  1168 | D:2      | Reached skill level 1 in Armour
  1447 | D:2      | Gained mutation: When seriously injured, your bleeding
                  | wounds create armour. (AC +9) [demonic ancestry]
  1447 | D:2      | Reached XP level 4. HP: 35/35 MP: 4/4
  1919 | D:3      | Noticed an ice beast
  1933 | D:3      | Killed an ice beast
  1933 | D:3      | Reached skill level 4 in Long Blades
  1933 | D:3      | Gained mutation: When seriously injured, your bleeding
                  | wounds create thick armour. (AC +9) [demonic ancestry]
  1933 | D:3      | Reached XP level 5. HP: 25/41 MP: 2/5
  2734 | D:4      | Noticed an ogre
  2741 | D:4      | Killed an ogre
  2741 | D:4      | Reached XP level 6. HP: 48/48 MP: 6/6
  2768 | D:4      | Found Xawkaz's Distillery.
  2771 | D:4      | Bought a potion of heal wounds for 50 gold pieces
  2771 | D:4      | Bought a potion of lignification for 30 gold pieces
  2771 | D:4      | Bought a potion of curing for 30 gold pieces
  2818 | D:4      | Reached skill level 5 in Long Blades
  3138 | D:4      | Found a burning altar of Makhleb.
  3138 | D:4      | Noticed a blizzard demon
  3141 | D:4      | Noticed a smoke demon
  3141 | D:4      | Noticed a smoke demon
  3332 | D:5      | Entered Level 5 of the Dungeon
  3405 | D:5      | Found a glowing drain.
  3411 | D:5      | Gained mutation: You regenerate magic rapidly. [demonic
                  | ancestry]
  3411 | D:5      | Reached XP level 7. HP: 55/55 MP: 7/7
  3422 | Sewer    | Entered a sewer
  3779 | D:5      | Reached skill level 5 in Fighting
  3779 | D:5      | Reached skill level 6 in Long Blades
  4289 | D:6      | Noticed Edmund
  4297 | D:6      | Killed Edmund
  4297 | D:6      | Gained mutation: You are immune to rotting. [demonic
                  | ancestry]
  4297 | D:6      | Reached XP level 8. HP: 48/62 MP: 6/8
  4544 | D:6      | Found a staircase to the Ecumenical Temple.
  4553 | Temple   | Entered the Ecumenical Temple
  4616 | Temple   | Became a worshipper of Cheibriados the Contemplative
  4667 | D:6      | Reached skill level 7 in Long Blades
  4929 | D:6      | Reached skill level 5 in Armour
  4946 | D:6      | HP: 4/93 [orc priest/+1 dagger of electrocution (11)]
  4949 | D:6      | Reached skill level 8 in Long Blades
  5442 | D:6      | Found Bionani's Weapon Shoppe.
  5469 | D:7      | Reached * piety under Cheibriados
  5493 | D:7      | Found Vyugenax's General Store.
  5584 | D:7      | Found Guvun's General Store.
  5656 | D:7      | Noticed a hippogriff
  5664 | D:7      | Killed a hippogriff
  5664 | D:7      | Reached XP level 9. HP: 66/68 MP: 9/9
  5705 | D:7      | Reached skill level 9 in Long Blades
  5953 | D:7      | Reached ** piety under Cheibriados
  6169 | D:6      | Reached skill level 10 in Long Blades
  6343 | D:7      | Found Seirerche's Jewellery Shoppe.
  6515 | D:8      | Reached skill level 1 in Invocations
  6736 | D:8      | Reached *** piety under Cheibriados
  6736 | D:8      | Gained mutation: You have a pair of horns on your head.
                  | [demonic ancestry]
  6736 | D:8      | Reached XP level 10. HP: 71/74 MP: 9/11
  7140 | D:8      | Reached **** piety under Cheibriados
  7378 | D:8      | Reached skill level 11 in Long Blades
  7648 | D:9      | Found a staircase to the Lair.
  7696 | D:9      | Reached skill level 5 in Invocations
  7731 | D:9      | Found a staircase to the Orcish Mines.
  7895 | D:9      | Found a blossoming altar of Fedhas.
  8046 | D:9      | Reached ***** piety under Cheibriados
  8450 | D:10     | Entered Level 10 of the Dungeon
  8509 | D:10     | Reached XP level 11. HP: 79/79 MP: 15/15
  8594 | D:10     | Noticed a brown ugly thing
  8607 | D:10     | Killed an unseen horror
  8607 | D:10     | Reached skill level 12 in Long Blades
  8614 | D:10     | Killed a brown ugly thing
  8621 | D:10     | Noticed Josephine
  8632 | D:10     | Noticed a deep elf mage
  8636 | D:10     | Noticed a deep elf mage
  8638 | D:10     | Killed Josephine
  8658 | D:10     | Killed a deep elf mage
  8667 | D:10     | Found a white marble altar of Elyvilon.
  8879 | D:10     | Killed a deep elf mage
  9101 | D:10     | Reached skill level 1 in Shields
  9113 | D:10     | Noticed Grum
  9121 | D:10     | Killed Grum
  9388 | D:10     | Got dazzling gold dragon scales
  9399 | D:10     | Identified the +9 gold dragon scales "Jyofieme" {rPois rF+
                  | rC+ Str+2 Int+2 Slay+5} (You found it on level 10 of the
                  | Dungeon)
  9482 | D:11     | Reached ****** piety under Cheibriados
  9503 | D:11     | Found a shadowy altar of Dithmenos.
  9795 | D:11     | Reached skill level 13 in Long Blades
  9820 | D:11     | Reached XP level 12. HP: 86/86 MP: 18/18
  9994 | D:11     | Noticed a death knight
 10002 | D:11     | Killed a death knight
 10322 | D:12     | Found a frozen archway.
 10346 | IceCv    | Entered an ice cave
 10483 | IceCv    | Reached skill level 10 in Armour
 10655 | IceCv    | Noticed a death yak
 10661 | IceCv    | Reached skill level 5 in Shields
 10671 | IceCv    | Killed a death yak
 10680 | IceCv    | Reached skill level 10 in Invocations
 10715 | IceCv    | Noticed a death yak
 10715 | IceCv    | Noticed a frost giant
 10718 | IceCv    | Killed a death yak
 10727 | IceCv    | Killed a frost giant
 10736 | IceCv    | Reached XP level 13. HP: 47/91 MP: 6/20
 11215 | D:12     | Reached skill level 14 in Long Blades
 11347 | D:12     | Noticed Nergalle
 11358 | D:12     | Killed Nergalle
 11358 | D:12     | Reached skill level 1 in Evocations
 11856 | D:13     | Found a gate to the Vaults.
 11881 | D:13     | Found Pojauf's Jewellery Emporium.
 12375 | D:13     | Noticed Urug
 12387 | D:13     | Killed Urug
 13052 | D:14     | Gained mutation: You may emit foul miasma when damaged in
                  | melee. [demonic ancestry]
 13052 | D:14     | Reached XP level 14. HP: 103/103 MP: 22/22
 13434 | D:15     | Entered Level 15 of the Dungeon
 13496 | D:15     | Reached skill level 5 in Evocations
 13559 | D:15     | Noticed Nessos
 13566 | D:15     | Killed Nessos
 13698 | D:15     | Found a staircase to the Depths.
 14476 | Orc:1    | Entered Level 1 of the Orcish Mines
 14549 | Orc:1    | Noticed an orc warlord
 14566 | Orc:1    | Killed an orc warlord
 14812 | Orc:2    | Entered Level 2 of the Orcish Mines
 14852 | Orc:2    | Noticed a stone giant
 14859 | Orc:2    | Killed a stone giant
 15055 | Orc:2    | Found a staircase to the Elven Halls.
 15168 | Orc:2    | Reached XP level 15. HP: 105/113 MP: 21/24
 15174 | Orc:2    | Noticed an orc warlord
 15188 | Orc:2    | Killed an orc warlord
 15407 | Orc:2    | Found Adicoub's General Store.
 15408 | Orc:2    | Found Sueniwk's Book Emporium.
 15409 | Orc:2    | Found Emakhleha's Antique Armour Shoppe.
 15409 | Orc:2    | Found Cyzxue's Antique Weapon Shoppe.
 15943 | D:7      | Bought the ring "Fiuv Tuihaubb" {rF++ rC+ MR+ rCorr Dex+4}
                  | for 982 gold pieces
 16023 | Lair:1   | Entered Level 1 of the Lair of Beasts
 16701 | Lair:2   | Reached skill level 15 in Long Blades
 17601 | Lair:3   | Gained mutation: Armour fits poorly on your strangely
                  | shaped body. [potion of mutation]
 17601 | Lair:3   | Gained mutation: Scrolls take you a little longer to read.
                  | [potion of mutation]
 17601 | Lair:3   | Gained mutation: Your flesh is cold resistant. (rC+)
                  | [potion of mutation]
 17601 | Lair:3   | Gained mutation: You evolve. [potion of mutation]
 17611 | Lair:3   | Found a staircase to the Shoals.
 17694 | Lair:3   | Found a deep blue altar of Sif Muna.
 18096 | Lair:4   | Found a staircase to the Snake Pit.
 18310 | Lair:4   | Gained mutation: You are robust. (+10% HP) [evolution]
 19418 | Lair:6   | Entered Level 6 of the Lair of Beasts
 19471 | Lair:6   | Reached skill level 10 in Fighting
 19941 | Lair:6   | Found a large runed translucent door.
 19948 | Lair:6   | Found a large runed translucent door.
 20248 | Lair:6   | Found a staircase to the Slime Pits.
 20643 | Lair:6   | Gained mutation: You are resistant to hostile enchantments.
                  | (MR+) [evolution]
 21234 | D:13     | Bought the ring "Ibbuleko" {rF+ MP+9 Str+8 Int+4 Dex-2} for
                  | 1006 gold pieces
 21564 | Slime:1  | Entered Level 1 of the Pits of Slime
 21684 | Slime:1  | Noticed an azure jelly
 21691 | Slime:1  | Killed an azure jelly
 21691 | Slime:1  | Gained mutation: When low on magic, you restore magic in
                  | place of health. [demonic ancestry]
 21691 | Slime:1  | Reached XP level 16. HP: 135/135 MP: 26/26
 21743 | Slime:1  | Noticed an acid blob
 21759 | Slime:1  | Mangled by an acid blob

Levels and vault maps discovered:
D:1:      dpeg_arrival_three_bigger_balls, layout_basic, hangedman_decor_lopped,
          minmay_fountain_box
D:2:      layout_loops_cross, minmay_box_of_dots
D:3:      layout_loops_corners, first_ration
D:4:      layout_rooms, makhleb_altar_promises_db, serial_shops,
          kennysheep_mini, hangedman_abyss_or_decor_stabs
D:5:      layout_loops_cross, portal_sewer_entry_a
D:6:      layout_loops_ring, minmay_temple_entry_waves, serial_shops,
          kennysheep_little_box, serial_glass, glass_columns_b, glass_columns_a,
          uniq_edmund
D:7:      layout_basic, serial_shops, shop_statue, shop, shop
D:8:      layout_basic, the_bakery, minmay_misc_feat_tower, minmay_hedge_maze,
          nicolae_looking_at_the_future
D:9:      layout_basic, erik_lair_orcish_takeover, orc_0_dummy, fedhas_altar_1
D:10:     minmay_the_grid_four_pointed_star_mashed
          [minmay_the_grid_triangle_9x9_dagger,
          minmay_the_grid_triangle_9x9_flanged_cone,
          minmay_the_grid_triangle_9x9_negative_grid,
          minmay_the_grid_triangle_9x9_thin_v,
          minmay_the_grid_prize_shrinking_boxes], layout_long_grid, basic_altar,
          uniq_josephine, uniq_grum
D:11:     layout_loops_corners, nicolae_dithmenos_the_darkroom
D:12:     layout_gridville, gauntlet_entry_generic, portal_ice_cave_entry_imps,
          minmay_tree_intersection, uniq_nergalle
D:13:     layout_irregular_city, david_vaults_2, serial_shops,
          nicolae_shop_statue_plus, uniq_urug
D:14:     layout_roguey, minivault_19, nrook_guardian_serpent_ordinary
D:15:     grunt_enter_depths_snipers, layout_small_grid,
          minmay_misc_feat_columns, uniq_nessos
Temple:   regret_index_temple_sigil_plot
Lair:1:   layout_chaotic_city, worms_lemuel, grunt_megastairs_4
Lair:2:   layout_cave_pods, st_stairs_11
Lair:3:   layout_misc_corridors, minmay_shoals_entry_centaurs, basic_altar
Lair:4:   layout_cave_pods, guppyfry_snake_entry_garden
Lair:5:   layout_long_grid
Lair:6:   cheibrodos_lair_end_hotspot, layout_gridlike,
          minmay_slime_entry_oklob_enclosed, serial_bayou_crossing
Slime:1:  cheibrodos_slime_lost_civilization_2, layout_caves
Orc:1:    layout_diamond_mine
Orc:2:    st_orc_congregation, layout_caves, mines3_lemuel

Skill      XL: |  1  2  3  4  5  6  7  8  9 10 11 12 13 14 15 |
---------------+----------------------------------------------+-----
Long Blades    | 3 4 5 6 8 10 11 13 14 15 | 15.4
Fighting       | 3 4 5 7 9 10 | 10.5
Armour         | 1 2 3 4 5 7 8 9 10 11 12 13 | 13.3
Invocations    | 2 6 8 10 11 13 14 | 14.7
Shields        | 2 5 6 |  6.0
Evocations     | 4 6 8 |  8.8
Throwing       | |  1.7
Dodging        | |  2.6

Action                   |  1- 3 |  4- 6 |  7- 9 | 10-12 | 13-15 | 16-18 || total
-------------------------+-------+-------+-------+-------+-------+-------++-------
Melee: Long sword        |    96 |   130 |   388 |   647 |   183 |       ||  1444
       Headbutt          |    12 |    29 |   113 |   295 |   357 |    17 ||   823
       Double sword      |       |       |       |       |   721 |    33 ||   754
       Scimitar          |       |       |       |       |    14 |       ||    14
Throw: Throwing net      |       |     3 |     2 |       |       |       ||     5
Invok: Slouch            |       |       |       |     3 |    15 |     2 ||    20
       Temporal Distorti |       |       |       |       |     1 |       ||     1
       Bend Time         |       |       |       |       |     1 |       ||     1
Evoke: Wand              |       |       |       |    10 |     3 |       ||    13
  Use: Scroll            |       |     9 |     6 |     4 |     8 |       ||    27
       Potion            |       |       |     4 |     7 |     1 |     1 ||    13
 Stab: Sleeping          |     1 |     1 |       |       |       |       ||     2
       Held in net/web   |       |     1 |     4 |       |       |       ||     5
  Eat: Chunk             |     2 |     6 |    10 |     7 |    24 |       ||    49
       Ration            |       |       |       |     2 |     1 |       ||     3
Armor: Leather armour    |    35 |    35 |       |       |       |       ||    70
       Chain mail        |       |     9 |   126 |       |       |       ||   135
       Scale mail        |       |       |   135 |    81 |       |       ||   216
       Skin              |       |       |    13 |       |       |       ||    13
       Plate armour      |       |       |       |   115 |       |       ||   115
       Gold dragon scale |       |       |       |   194 |   547 |    16 ||   757
Dodge: Dodged            |    80 |    71 |   263 |   334 |   334 |    11 ||  1093
Block: Buckler           |       |       |       |    95 |   373 |    13 ||   481
       Rpst.: Long sword |    21 |    16 |    77 |    95 |    17 |       ||   226
       Double sword      |       |       |       |       |    64 |     2 ||    66

Table legend:
 A = Non-vault XP
 B = Vault XP
 C = Vault XP percentage of total XP
 D = Non-vault monster count
 E = Vault monster count
 F = Vault count percentage of total count
                 A         B        C        D         E       F
            +---------+---------+-------+---------+---------+-------
      Total |  104155 |   55245 |  34.7 |     654 |     267 |  29.0
            +---------+---------+-------+---------+---------+-------
        D:1 |      50 |       0 |   0.0 |      27 |       0 |   0.0
        D:2 |      58 |       3 |   4.9 |      22 |       2 |   8.3
        D:3 |     250 |       0 |   0.0 |      24 |       0 |   0.0
        D:4 |     351 |       0 |   0.0 |      12 |       0 |   0.0
        D:5 |     302 |      15 |   4.7 |      10 |       3 |  23.1
        D:6 |    1766 |     154 |   8.0 |      30 |       1 |   3.2
        D:7 |    1553 |       0 |   0.0 |      29 |       0 |   0.0
        D:8 |    1497 |    1145 |  43.3 |      36 |      12 |  25.0
        D:9 |    2783 |     648 |  18.9 |      29 |      10 |  25.6
       D:10 |    2007 |    5639 |  73.8 |      34 |      25 |  42.4
       D:11 |    4781 |     449 |   8.6 |      47 |       2 |   4.1
       D:12 |    6914 |     920 |  11.7 |      38 |      13 |  25.5
       D:13 |    6566 |    2258 |  25.6 |      35 |       4 |  10.3
       D:14 |   14656 |     947 |   6.1 |      53 |       2 |   3.6
       D:15 |   19928 |    3681 |  15.6 |      47 |       4 |   7.8
     Lair:1 |    1229 |    1321 |  51.8 |       5 |       3 |  37.5
     Lair:2 |    3075 |     730 |  19.2 |      15 |       3 |  16.7
     Lair:3 |    2674 |     331 |  11.0 |      10 |       3 |  23.1
     Lair:4 |    5176 |     157 |   2.9 |      21 |       1 |   4.5
     Lair:5 |    2471 |       0 |   0.0 |       9 |       0 |   0.0
     Lair:6 |    9472 |   10365 |  52.3 |      36 |      33 |  47.8
    Slime:1 |    8612 |       0 |   0.0 |      18 |       0 |   0.0
      Orc:1 |    3252 |       0 |   0.0 |      29 |       0 |   0.0
      Orc:2 |    4732 |   12130 |  71.9 |      38 |      68 |  64.2
      Sewer |       0 |     326 | 100.0 |       0 |      24 | 100.0
      IceCv |       0 |   14026 | 100.0 |       0 |      54 | 100.0
            +---------+---------+-------+---------+---------+-------
